 Dungeon Crawl Stone Soup version 0.30-b1-2-g02819fbbbe (webtiles) character file.

Game seed: 11625488208221885163

463 redmage the Digger (level 7, -4/67 HPs)
             Began as a Meteoran Earth Elementalist on Aug 8, 2023.
             Slain by Maggie
             ... wielding a +1 heavy war axe
              (7 damage)
             ... on level 7 of the Dungeon.
             The game lasted 00:19:14 (1413 turns).

redmage the Digger (Meteoran Earth Elementalist)    Turns: 1413, Time: 00:19:15

Health: -4/67      AC: 23    Str:  7 (9)  XL:     7   Next: 54%
Magic:  10/12      EV:  2    Int: 15 (18) God:
Gold:   127        SH:  0    Dex: 15 (16) Spells: 2/12 levels left

rFire   . . .        o - +2 trident (protect)
rCold   . . .        r - orb {*channel}
rNeg    . . .        a - melded +0 robe
rPois   +            (helmet currently unavailable)
rElec   .            (cloak currently unavailable)
rCorr   .            (gloves currently unavailable)
SInv    .            n - melded +0 pair of boots
Will    .....        (no amulet)
Stlth   +            (no ring)
HPRegen 0.31/turn    (no ring)
MPRegen 0.13/turn

%: channel magic (20%)
@: brilliant, tree-form, very slightly contaminated, glowing
A: stationary, stasis, torment immunity, boosted hp, sense surroundings 1,
otherworldly, glowing, explore regen, frail 1, mutation resistance 1, (poison
resistance)
a: no special abilities


You were on level 7 of the Dungeon.
You were a tree.
You visited 2 branches of the dungeon, and saw 8 of its levels.

You collected 217 gold pieces.
You spent 90 gold pieces at shops.

Inventory:

Hand Weapons
 o - a +2 trident of protection (weapon)
Missiles
 i - 5 datura-tipped darts (quivered)
 p - 3 boomerangs of dispersal
Armour
 a - a +0 robe (melded)
 f - a +2 kite shield
 n - a +0 pair of boots (melded)
 r - an orb of energy (worn)
Wands
 c - a wand of polymorph (7)
 g - a wand of quicksilver (9)
Potions
 b - 3 potions of magic
 e - a potion of heal wounds {unknown}
 h - a potion of curing {unknown}
 j - a potion of lignification
 l - a potion of brilliance


   Skills:
 - Level 2.4 Dodging
 - Level 1.4 Stealth
 + Level 3.0 Spellcasting
 * Level 5.8 Conjurations
 + Level 1.2 Transmutations
 + Level 6.9 Earth Magic


You had 2 spell levels left.
You knew the following spells:

 Your Spells              Type           Power      Damage    Failure   Level
a - Sandblast             Erth           68%        2d15      5%          1
b - Passwall              Tmut/Erth      17%        N/A       16%         2
c - Stone Arrow           Conj/Erth      64%        3d11      13%         3
d - Passage of Golubria   Tloc           3%         N/A       97%         4

Your spell library contained the following spells:

 Spells                   Type           Power      Damage    Failure   Level
 Petrify                  Tmut/Erth      21%        N/A       58%         4
 Tukima's Dance           Hex            3%         N/A       73%         3
 Yara's Violent Unravell  Hex/Tmut       3%         3d4       100%        5


Dungeon Overview and Level Annotations

Branches:
Dungeon (7/15) Zot: 2923   Temple (1/1) D:6 Zot: 421

Altars:
Ashenzari
Dithmenos
Elyvilon
Fedhas
Gozag
Hepliaklqana
Kikubaaqudgha
Makhleb
Okawaru
Qazlal
Trog
Uskayaw
Vehumet
Xom
Yredelemnul
The Shining One

Shops:
D:4 *

Annotations:
D:7 Maggie


Innate Abilities, Weirdness & Mutations

You are a tree.
Your roots penetrate the ground, keeping you stationary.
You cannot be teleported.
You are immune to unholy pain and torment.
Your maximum health is greatly increased.
Your equipment is partially melded.
You passively map a small area around you.
You are easily found by Zot.
You glow in the dark.
You regain HP and MP as you explore.
You are frail. (-10% HP)
You are somewhat resistant to further mutation.
((Your system is resistant to poisons. (rPois)))


Message History

Casting: Stone Arrow (dangerous; 12% risk of failure)
Confirm with . or Enter, or press ? or * to list all spells.
Aiming: Stone Arrow (dangerous; 12% risk of failure)
Press: ? - help, Shift-Dir - straight line, f/p - sky beast
Aim: a sky beast (60% to hit)
The stone arrow misses the sky beast.
The sky beast flickers out of sight!
Deactivating autopickup; reactivate with Ctrl-A.
Something hits you but does no damage.
Maggie hits you with a +1 heavy war axe!
* * * LOW HITPOINT WARNING * * *
It was a potion of brilliance.
You feel clever all of a sudden. Something hits you but does no damage.
It was a potion of mutation.
You feel extremely strange.
You feel resistant to poisons.
You feel frail.
You feel genetically stable. Something hits you but does no damage.
Maggie hits you but does no damage.
It was a potion of degeneration.
There was something very wrong with that liquid.
You feel weakened.
You feel dopey.
You feel clumsy. Something hits you but does no damage.
Maggie gestures at you while chanting.
The bolt of fire hits you but does no damage.
The bolt of fire hits something!!
Reactivating autopickup.
You hear a shout!
Unknown command.
Okay, then.
Casting: Stone Arrow (dangerous; 13% risk of failure)
Confirm with . or Enter, or press ? or * to list all spells.
Okay, then.
Unknown command.
Casting: Stone Arrow (dangerous; 13% risk of failure)
Confirm with . or Enter, or press ? or * to list all spells.
Aiming: Stone Arrow (dangerous; 13% risk of failure)
Press: ? - help, Shift-Dir - straight line, f - Maggie
Aim: Maggie, wielding a +1 heavy war axe and wearing +0 steam dragon scales (74% to hit)
You feel a surge of power!
You miscast Stone Arrow.
Nothing appears to happen.
Magical energy flows into your mind!
Maggie hits you with a +1 heavy war axe!
You die...

, #.# .# ,*, *
*#.#*.# , ,
#.##.#** ,
,#####....., ,
*, #.......#*
* ,, #.#.....#
* * * ,
#...##.# * * *
#<....♣# ,
............@#
###...#....###
, ...##....#.#
#.,...#..#.#
** ,,
,#######.# *
#.# #.., *


You could see Maggie.

Vanquished Creatures
  A black bear (D:6)
  A phantom (D:4)
  2 hounds
  A jelly (D:6)
  An iguana (D:5)
  An orc wizard (D:5)
  Robin (D:2)
  5 adders
  2 worms
  A dart slug (D:2)
  7 orcs
  3 bats
  An endoplasm (D:4)
  A giant cockroach (D:3)
  6 goblins
  4 hobgoblins
  2 kobolds
  2 quokkas (D:2)
  2 ball pythons
  A frilled lizard (D:1)
  A rat (D:2)
46 creatures vanquished.

Vanquished Creatures (collateral kills)
  2 iguanas (D:5)
2 creatures vanquished.

Vanquished Creatures (others)
  A sky beast (D:7)
  6 plants (D:3)
7 creatures vanquished.

Grand Total: 55 creatures vanquished

Notes
Turn   | Place    | Note
-------+----------+-------------------------------------------
     0 | D:1      | redmage the Meteoran Earth Elementalist began the quest for
                  | the Orb.
     0 | D:1      | Reached XP level 1. HP: 14/14 MP: 5/5
    80 | D:2      | Reached skill level 4 in Earth Magic
    80 | D:2      | Reached XP level 2. HP: 17/20 MP: 2/7
    91 | D:2      | Found a bloodstained altar of Trog.
   135 | D:2      | Learned a level 2 spell: Passwall
   158 | D:2      | Reached XP level 3. HP: 26/26 MP: 5/8
   216 | D:2      | Noticed Robin
   231 | D:2      | Reached skill level 5 in Earth Magic
   238 | D:2      | Killed Robin
   239 | D:2      | Reached XP level 4. HP: 17/33 MP: 1/9
   353 | D:4      | Learned a level 3 spell: Stone Arrow
   450 | D:4      | Reached skill level 1 in Conjurations
   523 | D:5      | Entered Level 5 of the Dungeon
   648 | D:4      | Reached XP level 5. HP: 35/38 MP: 6/10
   700 | D:4      | Found Ojavvont's General Store.
   704 | D:4      | Bought 5 datura-tipped darts for 54 gold pieces
   744 | D:5      | Reached skill level 6 in Earth Magic
   749 | D:5      | Reached XP level 6. HP: 3/45 MP: 0/11
   796 | D:4      | Bought a potion of attraction for 36 gold pieces
   976 | D:5      | Reached XP level 7. HP: 50/50 MP: 4/12
  1032 | D:6      | Found a staircase to the Ecumenical Temple.
  1044 | Temple   | Entered the Ecumenical Temple
  1248 | D:6      | Reached skill level 5 in Conjurations
  1267 | D:6      | Found a burning altar of Makhleb.
  1304 | D:6      | Identified the +0 ring mail of Honesty {Rampage rElec
                  | Int-4}
  1367 | D:6      | Learned a level 4 spell: Passage of Golubria
  1402 | D:6      | Noticed Maggie
  1409 | D:7      | HP: 2/75 [Maggie/+1 heavy war axe (8)]
  1411 | D:7      | Gained mutation: Your system is resistant to poisons.
                  | (rPois) [potion of mutation]
  1411 | D:7      | Gained mutation: You are frail. (-10% HP) [potion of
                  | mutation]
  1411 | D:7      | Gained mutation: You are somewhat resistant to further
                  | mutation. [potion of mutation]
  1413 | D:7      | Slain by Maggie

Illustrated notes

Levels and vault maps discovered:
D:1:      zelgadis_glass_arrival_small, layout_basic
D:2:      layout_basic, basic_altar, hangedman_decor_riveting, uniq_robin
D:3:      layout_basic, serial_forest, infiniplex_forest_clump_cross,
          infiniplex_forest_lined_corner, infiniplex_forest_clump_curved,
          infiniplex_forest_lined_2, infiniplex_forest_lined_3,
          infiniplex_forest_end_2, kennysheep_generic_room_12
D:4:      layout_rooms, serial_shops, shop
D:5:      layout_cave_pools, guppyfry_early_orc_mine
D:6:      layout_basic, mainiacjoe_overflow_brackets, temple_statues,
          serial_shops, shop, minmay_shop_damaged, uniq_menkaure, uniq_maggie,
          uniq_duvessa
D:7:      layout_basic, chequers_temple_overflow_statue_of_worship,
          grunt_temple_overflow_cloverleaf, uniq_pikel
Temple:   minmay_temple_curvy_branch

Skill      XL: |  1  2  3  4  5  6  7 |
---------------+----------------------+-----
Spellcasting   | 3 |  3.0
Earth Magic    | 4 5 6 |  6.9
Conjurations   | 2 3 4 5 |  5.8
Dodging        | |  2.4
Stealth        | |  1.4
Transmutations | |  1.2

Action                     |  1- 3 |  4- 6 |  7- 9 || total
---------------------------+-------+-------+-------++-------
  Throw: Dart              |       |     1 |       ||     1
   Cast: Sandblast         |    29 |    29 |    17 ||    75
         Passwall          |     3 |     1 |       ||     4
         Stone Arrow       |       |    10 |     3 ||    13
  Evoke: Wand              |       |     2 |       ||     2
    Use: Scroll            |       |     1 |     2 ||     3
         Potion            |       |       |     4 ||     4
 Armour: Robe              |     8 |     4 |     1 ||    13
         Skin              |       |       |     7 ||     7
  Dodge: Dodged            |    15 |    17 |     5 ||    37
